 Dungeon Crawl Stone Soup version 0.22-a0-247-gbddf880 (webtiles) character file.

174 Amnesiac the Charlatan (level 5, -5/25 HPs)
             Began as a Spriggan Artificer on Feb 26, 2018.
             Hit by a javelin thrown by a gnoll (12 damage)
             ... on level 4 of the Dungeon.
             The game lasted 00:03:20 (871 turns).

Amnesiac the Charlatan (Spriggan Artificer)          Turns: 871, Time: 00:03:21

Health: -5/25      AC:  2    Str:  9    XL:     5   Next: 28%
Magic:  11/11      EV: 18    Int: 13    God:
Gold:   18         SH:  0    Dex: 16    Spells: 4/4 levels left

rFire    . . .     SeeInvis +   a - +1 dagger (venom)
rCold    + . .     Gourm    .   (shield restricted)
rNeg     . . .     Faith    .   h - +0 robe
rPois    .         Spirit   .   (helmet restricted)
rElec    .         Reflect  .   (no cloak)
rCorr    .         Harm     .   (gloves unavailable)
MR       .....                  (boots unavailable)
Stlth    +++.......             (no amulet)
HPRegen  0.08/turn              j - ring of protection from cold
MPRegen  0.12/turn              (no ring)

@: very quick
A: very small, unfitting armour, see invisible, herbivore, speed 3, slow
metabolism 2
a: no special abilities


You were on level 4 of the Dungeon.
You were not hungry.

You visited 1 branch of the dungeon, and saw 4 of its levels.

You collected 18 gold pieces.

Inventory:

Hand Weapons
 a - a +1 dagger of venom (weapon)
 b - a +1 mace of protection
 m - a +0 short sword
Armour
 h - a +0 robe (worn)
Jewellery
 j - a ring of protection from cold (left hand)
Wands
 c - a wand of flame (10)
 d - a wand of enslavement (15)
 e - a wand of random effects (5)
Scrolls
 g - a scroll of amnesia {!r, unknown}
 k - 2 scrolls of identify {!r, unknown}
Potions
 i - a potion of curing {!q, unknown}
 l - a potion of might {!q, unknown}
 n - a potion of flight {!q, unknown}
Comestibles
 f - a ration


   Skills:
 - Level 0.7 Fighting
 - Level 1.1 Short Blades
 - Level 3.0 Dodging
 + Level 4.9 Stealth
 * Level 6.9 Evocations


You had 4 spell levels left.
You didn't know any spells.

Dungeon Overview and Level Annotations

Branches:
Dungeon (4/15)
 Temple: D:4-7

Altars:


Innate Abilities, Weirdness & Mutations

You are very small and have problems with some larger weapons.
You are too small for most types of armour.
You have supernaturally acute eyesight. (SInv)
You are a herbivore.
You cover ground extremely quickly.
You need consume almost no food.


Message History

Your +1 mace of protection hums with potential!
b - a +1 mace of protection (weapon)
An adder comes into view.
You barely miss the adder skeleton. The adder skeleton closely misses you.
The adder skeleton misses you.
You hit the adder skeleton but do no damage.
Your weapon exudes an aura of protection.
The adder skeleton barely misses you.
You barely miss the adder skeleton.
The adder skeleton completely misses you. x2
You swing at nothing.
You barely miss the adder skeleton. The adder skeleton bites you.
The adder skeleton completely misses you.
You hit the adder skeleton but do no damage.
Your weapon exudes an aura of protection.
The adder skeleton bites you but does no damage.
You hit the adder skeleton but do no damage.
The adder skeleton misses you.
The adder skeleton completely misses you.
You closely miss the adder skeleton.
The adder skeleton completely misses you.
You hit the adder skeleton.
The adder skeleton is moderately damaged.
The adder skeleton completely misses you.
The adder skeleton bites you but does no damage.
You hit the adder skeleton.
The adder skeleton is severely damaged.
The adder skeleton bites you but does no damage. x2
You completely miss the adder skeleton.
The adder skeleton is severely damaged.
The adder skeleton barely misses you.
You sock the adder skeleton!
You destroy the adder skeleton!
Your +1 mace of protection goes still.
Your +1 dagger of venom begins to drip with poison!
a - a +1 dagger of venom (weapon)
Found 7 gold pieces.
You miss the adder.
The adder hisses angrily.
The adder bites you.
You are poisoned.
The adder poisons you!
You feel sick.
You feel sick.
You swing at nothing.
You feel sick. The adder bites you.
You are more poisoned.
The adder poisons you!
You hit the adder but do no damage.
The adder is poisoned.
The adder bites you.
You closely miss the adder.
You feel sick. The adder barely misses you.
You miss the adder. The adder bites you.
* * * LOW HITPOINT WARNING * * *
You feel sick.
You feel sick.
You feel sick.
You feel sick.
You feel sick.
You kill the adder!
You start resting.
You feel sick. x3
You are no longer poisoned.
You start resting.
A gnoll comes into view.
The gnoll shouts!
The gnoll throws a javelin.
The javelin hits you!
You die...

####.##....# #.#.# ...........#
#.#.# ###........# #.#.#
#..###...# # #.#.# #..#
#[.[#####.# #...# #..#
#.........########..# #..#
##.....#####........# #.<#
####..####...#####.######
###..##### #....@................
.........###.#####..g############
###.......##.# ##.## #..........#
#.# ###.......#### #.#
...........# #.# )##.##.###.# #.#
.......# # #.# .......###.## ##


You could see a gnoll.

Vanquished Creatures
  An orc warrior (D:2)
  2 orc wizards (D:4)
  An adder (D:4)
  An adder skeleton (D:4)
  A dart slug (D:4)
  A leopard gecko (D:1)
  5 orcs
  A bat (D:3)
  A giant cockroach (D:3)
  A quokka (D:4)
15 creatures vanquished.

Notes
Turn   | Place    | Note
-------+----------+-------------------------------------------
     0 | D:1      | Amnesiac the Spriggan Artificer began the quest for the Orb.
     0 | D:1      | Reached XP level 1. HP: 9/9 MP: 4/4
    53 | D:2      | Noticed an orc warrior
    70 | D:2      | Killed an orc warrior
    70 | D:2      | Reached skill level 6 in Evocations
    70 | D:2      | Reached XP level 2. HP: 14/14 MP: 5/7
    70 | D:2      | Reached XP level 3. HP: 17/17 MP: 5/8
    70 | D:2      | Reached XP level 4. HP: 21/21 MP: 5/9
   699 | D:4      | Reached XP level 5. HP: 25/25 MP: 9/11
   871 | D:4      | Hit by a javelin thrown by a gnoll

Vault maps used:
D:1:      minmay_arrival_wavy_path
D:2:      first_ration, minmay_tetromino_i2
D:3:      cheibrodos_pilgrimage, makhleb_blood_cavern_becter, uniq_sigmund,
          uniq_ijyb, uniq_grinder, uniq_crazy_yiuf_cottage

Skill      XL: |  1 |
---------------+----+-----
Stealth        | 4 |  4.9
Evocations     | 6 |  6.9
Fighting       | |  0.7
Short Blades   | |  1.1
Dodging        | |  3.0

Action                   |  1- 3 |  4- 6 || total
-------------------------+-------+-------++-------
Melee: Short sword       |     1 |    25 ||    26
       Mace              |       |    30 ||    30
       Dagger            |       |     4 ||     4
Evoke: Wand              |     8 |     7 ||    15
 Stab: Sleeping          |     1 |     1 ||     2
       Confused          |       |     2 ||     2
Armor: Robe              |       |    15 ||    15
Dodge: Dodged            |       |    54 ||    54

Table legend:
 A = Spawn XP
 B = Non-spawn XP
 C = Spawn XP percentage of total XP
 D = Spawn monster count
 E = Non-spawn monster count
 F = Spawn count percentage of total count
 G = Total turns spent on level
                    A         B        C        D         E        F      G
               +---------+---------+-------+---------+---------+-------+---------
         Total |       0 |     249 |   0.0 |       0 |      15 |   0.0 |   871
               +---------+---------+-------+---------+---------+-------+---------
           D:1 |       0 |       3 |   0.0 |       0 |       1 |   0.0 |    48
           D:2 |       0 |     134 |   0.0 |       0 |       3 |   0.0 |    73
           D:3 |       0 |       4 |   0.0 |       0 |       2 |   0.0 |    79
           D:4 |       0 |     108 |   0.0 |       0 |       9 |   0.0 |   671
               +---------+---------+-------+---------+---------+-------+---------
